Map: Crête de Lerilak

Players

Worming - Winner!

  • Race: Zerg Zerg
  • League: Diamond

TonyMontana

  • Race: Terran Terran
  • League: Diamond

VOD

Have the link to the VOD?

Description

Time

  • Played on: March 8, 2016, 5:36 a.m.
  • Length: 19:59
Show
View Real Time Build Order
Export as new Build Order

Worming Zerg - Winner!

Build Orders: Hatch First, Lurkers 

Get SALT Encoding   

  12  0:01  Drone  
  13  0:13  Overlord  
  13  0:20  Drone  
  14  0:31  Drone x2  
  16  0:37  Drone  
  17  0:55  Drone, Hatchery  
  17  1:10  Spawning Pool  
  16  1:13  Drone  
  17  1:19  Drone  
  17  1:22  Drone  
  17  1:23  Extractor  
  18  1:28  Drone  
  19  1:40  Drone  
  20  1:50  Overlord  
  20  1:56  Queen  
  22  2:07  Drone x2  
  24  2:19  Zergling x4  
  26  2:42  Drone x4  
  30  2:44  Spine Crawler  
  30  2:48  Metabolic Boost  
  30  2:50  Queen  
  31  2:56  Drone x3  
  34  3:02  Overlord  
  34  3:16  Queen  
  34  3:19  Roach Warren  
  33  3:33  Zergling x10  
  38  3:35  Overlord  
  28  4:10  Drone x11  
  39  4:17  Spore Crawler  
  39  4:20  Spore Crawler  
  37  4:30  Lair  
  37  4:35  Extractor  
  36  5:00  Drone x5, Evolution Chamber  
  36  5:01  Drone x3, Evolution Chamber  
  42  5:17  Drone x2, Extractor  
  42  5:19  Overlord  
  42  5:20  Overlord x2  
  43  5:31  Overseer  
  43  5:35  Zerg Missile Weapons Level 1  
  40  6:13  Drone x4  
  40  6:16  Roach  
  40  6:17  Roach x3  
  52  6:18  Overlord x2  
  52  6:19  Overlord  
  52  6:26  Overlord  
  52  6:29  Zerg Ground Armor Level 1  
  52  6:52  Roach x7  
  63  7:02  Hatchery  
  62  7:10  Drone x3  
  65  7:19  Drone, Extractor  
  65  7:20  Drone x2  
  67  7:29  Spore Crawler  
  66  7:30  Overlord x2  
  66  7:31  Roach x4  
  66  7:33  Ravager x6  
  79  7:56  Zerg Missile Weapons Level 2  
  79  7:58  Drone x3  
  79  7:59  Drone x4  
  69  8:28  Roach  
  69  8:29  Roach x6  
  69  8:33  Drone  
  78  8:50  Ravager x3  
  81  9:09  Drone x8  
  89  9:25  Drone x3  
  89  9:28  Extractor  
  89  9:29  Extractor  
  90  9:35  Zergling x2  
  90  9:38  Roach  
  93  9:42  Roach x4  
  101  9:55  Zerg Ground Armor Level 2  
  101  9:57  Hatchery  
  100  10:01  Infestation Pit, Overlord x3  
  100  10:02  Drone x2  
  100  10:03  Drone  
  100  10:04  Drone x2  
  104  10:07  Queen  
  106  10:21  Spore Crawler  
  105  10:25  Roach x5  
  115  10:31  Glial Reconstitution  
  112  10:36  Roach  
  112  10:37  Roach x5  
  117  10:52  Roach  
  117  10:53  Roach x5  
  117  10:54  Hydralisk Den  
  108  11:19  Roach x8  
  108  11:20  Roach x2  
  117  11:41  Zergling x12  
  117  11:44  Queen x2  
  127  11:58  Overlord  
  127  11:59  Overlord x5  
  127  12:10  Lurker Den  
  125  12:16  Overseer x2  
  94  12:25  Roach  
  94  12:26  Roach x12  
  106  12:32  Roach  
  108  12:56  Hatchery  
  105  13:07  Roach x8  
  105  13:08  Roach x6  
  105  13:10  Ravager x4  
  105  13:11  Ravager, Hydralisk  
  105  13:12  Hydralisk x3  
  117  13:41  Drone x8  
  97  14:06  Muscular Augments  
  97  14:11  Lurker x4  
  97  14:13  Roach x7  
  115  14:18  Hive  
  115  14:19  Drone x2  
  112  14:56  Roach x8  
  112  14:57  Roach x6  
  133  15:07  Ravager  
  133  15:08  Ravager x4  
  133  15:09  Ravager, Roach  
  133  15:10  Roach x2  
  133  15:13  Queen  
  146  15:15  Overlord  
  146  15:16  Overlord  
  146  15:17  Overlord  
  146  15:40  Extractor  
  145  15:45  Extractor  
  144  15:55  Roach  
  144  15:56  Roach x12  
  158  16:05  Drone x11  
  169  16:16  Spore Crawler  
  169  16:17  Spore Crawler  
  167  16:20  Spore Crawler  
  167  16:21  Spore Crawler  
  161  16:54  Drone x2  
  161  16:55  Drone  
  161  16:56  Drone x5  
  161  16:57  Drone, Roach  
  161  16:58  Roach x5, Extractor  
  175  17:07  Queen x2  
  179  17:12  Zerg Missile Weapons Level 3, Zerg Ground Armor Level 3  
  179  17:14  Hydralisk x2  
  183  17:16  Overlord x2  
  183  17:20  Hatchery  
  172  17:55  Zergling x2  
  172  17:58  Hydralisk x4  
  177  18:08  Hydralisk x7  
  191  18:16  Pathogen Glands  
  191  18:18  Lurker x2  
  193  18:21  Drone x4  
  187  18:53  Lurker  
  187  18:54  Lurker x2  
  190  19:04  Drone x3  
  193  19:14  Spire  
  193  19:16  Zergling x2  
  193  19:19  Lurker x2  
Show
View Real Time Build Order
Export as new Build Order

TonyMontana Terran 

Build Orders: MMM Bio 

Get SALT Encoding   

  12  0:01  SCV  
  13  0:13  SCV  
  14  0:24  Supply Depot  
  14  0:25  SCV  
  15  0:30  Refinery  
  15  0:45  SCV  
  15  0:47  Barracks  
  16  0:58  Refinery, SCV  
  17  1:10  SCV  
  18  1:22  SCV  
  19  1:34  SCV  
  19  1:38  Factory  
  19  1:39  Barracks Reactor  
  20  1:46  SCV  
  21  1:54  Supply Depot  
  21  2:03  Orbital Command  
  21  2:12  Bunker  
  21  2:31  Hellion x2  
  25  2:42  SCV  
  26  2:51  Supply Depot  
  26  2:52  Hellion  
  26  2:56  Hellion  
  30  3:07  Barracks Reactor  
  30  3:08  Starport  
  30  3:16  SCV  
  31  3:28  Widow Mine x2  
  31  3:32  Supply Depot  
  35  3:35  SCV  
  32  4:04  SCV  
  32  4:09  Command Center  
  29  4:12  Supply Depot  
  29  4:16  Barracks Tech Lab  
  29  4:20  Widow Mine x2  
  29  4:24  Liberator  
  33  4:28  Viking  
  35  4:39  SCV  
  39  4:55  Hellion  
  39  4:57  Hellion  
  43  5:00  Liberator  
  46  5:30  SCV  
  46  5:34  Command Center, Supply Depot  
  47  5:37  Hellion  
  49  5:51  Orbital Command  
  49  6:14  SCV  
  50  6:19  SCV  
  50  6:23  Engineering Bay  
  51  6:26  SCV  
  51  6:28  Medivac x2  
  51  6:32  Stimpack  
  56  6:34  Barracks  
  56  6:36  Barracks, SCV  
  57  6:52  SCV x2  
  59  6:55  Widow Mine x2  
  59  7:00  Liberator x2  
  63  7:08  SCV x2  
  65  7:14  Marauder  
  67  7:21  Orbital Command  
  73  7:24  Widow Mine x2  
  77  7:33  SCV x2  
  77  7:34  Barracks Reactor  
  77  7:35  Barracks Reactor  
  79  7:39  Terran Infantry Weapons Level 1  
  79  7:42  Missile Turret  
  79  7:44  Armory  
  68  8:22  Marine  
  68  8:23  Marine x4  
  68  8:24  Widow Mine x2  
  68  8:25  SCV x2  
  77  8:30  Liberator x2  
  77  8:40  Marine x2  
  77  8:41  Marauder, Marine x2  
  89  8:58  Marine x3  
  89  8:59  Marine  
  93  9:09  Supply Depot  
  93  9:10  Supply Depot  
  93  9:12  Barracks, Supply Depot  
  93  9:13  Barracks  
  93  9:18  Marine x2  
  93  9:19  Marine x2  
  93  9:21  Marauder  
  93  9:28  Combat Shields  
  93  9:34  Barracks  
  93  9:36  Barracks, Marine  
  93  9:37  Marine x2  
  96  9:43  Marauder  
  96  9:44  Marine  
  99  9:45  Medivac  
  99  9:47  Factory Tech Lab  
  99  9:49  Command Center  
  101  9:52  Refinery  
  101  9:54  Refinery, Marine  
  101  9:55  Supply Depot, Marine  
  103  10:02  Engineering Bay  
  103  10:04  Marauder  
  104  10:24  Marine x6  
  104  10:25  Marauder  
  104  10:26  Barracks Reactor  
  112  10:30  Marine x2  
  113  10:47  Marauder  
  115  10:51  Marine x7  
  115  10:52  Barracks Tech Lab  
  116  11:08  Marauder  
  116  11:10  Marine x6  
  116  11:11  Marauder, Marine  
  125  11:12  Terran Infantry Weapons Level 2  
  125  11:13  Terran Infantry Armor Level 1  
  111  11:25  Marine x2  
  111  11:26  Siege Tank  
  111  11:27  Medivac x2  
  111  11:28  Marine  
  111  11:29  Marauder  
  116  11:33  Marauder  
  113  11:41  Marine x6  
  113  11:44  Planetary Fortress  
  113  11:57  Supply Depot  
  102  12:36  SCV x2  
  102  12:37  SCV  
  105  12:38  SCV  
  105  12:44  Marine x6  
  106  12:45  Marine x2  
  106  12:47  Command Center  
  106  12:48  SCV  
  103  13:19  Marine x4  
  106  13:20  Marine x4  
  106  13:21  Terran Infantry Armor Level 2, Marauder x2  
  87  13:40  Marine x2  
  87  13:41  Marine x7  
  77  13:42  Marauder, Marine  
  77  13:43  Siege Tank  
  87  14:00  Marauder  
  81  14:04  Marine x5  
  81  14:05  Marine  
  82  14:24  Marine x3  
  82  14:25  Marine  
  84  14:35  Marine  
  84  14:36  Marine x2  
  42  15:03  Marine x6  
  42  15:04  Marine x5  
  47  15:21  Marine x2  
  47  15:22  Marine x5  
  54  16:01  Marine x3  
  54  16:02  Marine x5  
  61  16:34  Marine x3  
  59  17:00  SCV x2  
  61  17:06  Siege Tank  
  64  17:15  Planetary Fortress  
  51  18:01  Marine x2  
  51  18:02  Marauder, Marine x3  
  57  18:07  Orbital Command  
  57  18:13  Medivac x2  
  57  18:18  Orbital Command  
  64  18:27  Siege Tank  
  58  18:52  Marine x5  
  58  18:53  Marine x3  
  66  19:00  Medivac x2  
  70  19:12  Orbital Command  
  70  19:14  Marauder x2  
  74  19:17  Marine x3  
  74  19:18  Barracks Tech Lab  
  77  19:36  Marauder  
Tags
 
Add a new tag
Caveats
  • Supply blocks, unpowered buildings, or Contaminate may cause inaccurate times.
  • Supply counts are checked every 10 seconds.